 Dungeon Crawl Stone Soup version 0.28.0-43-g3370ac3207 (webtiles) character file.

Game seed: 11749632183148491566

44 issech the Cudgeller (level 3, -7/36 HPs)
             Began as a Troll Monk on Mar 20, 2022.
             Mangled by a gnoll
             ... wielding a +0 halberd of pain
              (13 damage)
             ... on level 3 of the Dungeon.
             The game lasted 00:02:42 (623 turns).

issech the Cudgeller (Troll Monk)                    Turns: 623, Time: 00:02:44

Health: -7/36      AC:  4    Str: 19    XL:     3   Next: 41%
Magic:  2/2        EV: 10    Int:  6    God:
Gold:   70         SH:  0    Dex: 14    Spells: 2/2 levels left

rFire   . . .      SeeInvis .   g - +0 flail
rCold   . . .      Faith    .   (no shield)
rNeg    . . .      Spirit   .   b - +0 robe
rPois   .          Reflect  .   (helmet restricted)
rElec   .          Harm     .   (no cloak)
rCorr   .          Rampage  .   (gloves unavailable)
Will    .....                   (boots unavailable)
Stlth   ++........              (no amulet)
HPRegen 0.92/turn               (no ring)
MPRegen 0.08/turn               (no ring)

@: no status effects
A: large, unfitting armour, claws 3, regeneration 1, shaggy fur 1, tough skin 1
a: no special abilities


You were on level 3 of the Dungeon.
You visited 1 branch of the dungeon, and saw 3 of its levels.

You collected 70 gold pieces.

Inventory:

Hand Weapons
 a - a +0 mace
 g - a +0 flail (weapon)
 h - a +0 spear of venom
 l - a +0 short sword of speed
Missiles
 d - 5 curare-tipped darts (quivered)
 f - 50 stones
Armour
 b - a +0 robe (worn)
Scrolls
 c - a scroll of vulnerability {unknown}
 j - a scroll of acquirement {unknown}
Potions
 e - a potion of invisibility {unknown}
 i - 2 potions of attraction {unknown}
 k - 2 potions of resistance {unknown}


   Skills:
 + Level 2.8 Fighting
 + Level 3.3 Maces & Flails
 + Level 2.8 Dodging
 + Level 1.1 Stealth


You had 2 spell levels left.
You didn't know any spells.
Your spell library contained the following spells:

 Spells                   Type           Power      Damage    Failure   Level
 Stone Arrow              Conj/Erth      0%         3d7       83%         3
 Animate Armour           Summ/Erth      0%         N/A       99%         4
 Lehudib's Crystal Spear  Conj/Erth      0%         10d2      100%        8


Dungeon Overview and Level Annotations

Branches:
Dungeon (2/15)

Altars:


Innate Abilities, Weirdness & Mutations

You are too large for most types of armour.
You have claws for hands.
Your natural rate of healing is unusually fast.
You are covered in fur. (AC +1)
You have tough skin. (AC +1)


Message History

An orc comes into view. It is wielding a +0 short sword.
The gnoll barely misses you.
There is a large open door here.
The orc hits you with a +0 flail.
You open the huge gate. 2 gnolls and 4 jackals come into view.
A gnoll is wielding a +0 halberd of pain.
The orc completely misses you. The orc hits you with a +0 short sword.
The gnoll shouts!
A necrophage comes into view.
There is a huge open gate here.
The jackal barks! x2
The gnoll shouts!
The jackal bites you. The necrophage hits you.
The jackal bites you but does no damage.
The jackal barely misses you.
The gnoll hits you with a +0 halberd of pain.
The gnoll closely misses you. The jackal bites you.
The orc curses repeatedly.
Found a scroll labelled VUEPIX QOWIOR.
The gnoll hits you from afar with a +0 halberd of pain.
The jackal barely misses you.
Found two stone staircases leading up.
The jackal bites you. x2
An endoplasm comes into view.
The jackal bites you but does no damage.
You closely miss the jackal.
The jackal bites you but does no damage.
The gnoll hits you from afar with a +0 halberd of pain!
The jackal bites you but does no damage.
You thump the jackal!
You kill the jackal!
The gnoll closely misses you. The jackal bites you.
The orc suddenly roars.
You closely miss the jackal. The jackal completely misses you.
The gnoll hits you from afar with a +0 halberd of pain.
* * * LOW HITPOINT WARNING * * *
The jackal bites you.
* * * LOW HITPOINT WARNING * * *
The gnoll hits you from afar with a +0 halberd of pain!
You die...

..J....#.
.<<......
.........
........# .
.....?..# .#
#......# #.
#......# . #@#
.##### #h##......
#hg.......
##g#..####
#ho......
######g###o######
.......go.n.......
≈≈≈≈≈≈≈≈n.o..≈≈≈≈≈
≈≈≈≈≈≈≈≈≈o...≈≈≈≈≈


You could see a necrophage, 4 gnolls, 2 orcs, an endoplasm (asleep) and 3
jackals.

Vanquished Creatures
  A gnoll (D:1)
  An adder (D:2)
  A dart slug (D:1)
  4 endoplasms
  A goblin (D:1)
  A hobgoblin (D:1)
  A jackal (D:3)
  2 kobolds
  A quokka (D:1)
  A ball python (D:1)
  A bat (D:2)
  2 frilled lizards (D:1)
  5 rats (D:1)
22 creatures vanquished.

Vanquished Creatures (others)
  A goblin (D:2)
1 creature vanquished.

Grand Total: 23 creatures vanquished

Notes
Turn   | Place    | Note
-------+----------+-------------------------------------------
     0 | D:1      | issech the Troll Monk began the quest for the Orb.
     0 | D:1      | Reached XP level 1. HP: 22/22 MP: 0/0
   194 | D:1      | Reached XP level 2. HP: 29/29 MP: 1/1
   250 | D:1      | Found a faded altar of an unknown god.
   299 | D:1      | Reached skill level 3 in Maces & Flails
   451 | D:1      | Reached XP level 3. HP: 36/36 MP: 2/2
   602 | D:2      | You fall into a shaft and drop 1 floor!
   602 | D:3      | Noticed an ogre
   609 | D:3      | Noticed a necrophage
   623 | D:3      | Mangled by a gnoll

Illustrated notes

Levels and vault maps discovered:
D:1:      amcnicky_arrival_double_pillar, layout_rooms,
          hellmonk_ecumenical_altar_inner_sanctum, minmay_misc_feat_five
D:2:      layout_rooms, serial_co_window_serial, co_window_of_opportunity_a,
          co_window_corner_a, co_window_of_opportunity_a,
          co_window_of_opportunity_a, co_window_of_opportunity_a,
          co_window_of_opportunity_b, co_window_corner_ca,
          co_window_unsneaky_path_a, co_window_4corner_b, co_window_4corner_a,
          glass_columns_a, uniq_terence, uniq_natasha, uniq_robin
D:3:      lemuel_castle_with_subvaults [lemuel_castle_interior_original],
          layout_basic, hangedman_decor_slide_cut, minmay_mini_jars

Skill      XL: |  1  2 |
---------------+-------+-----
Maces & Flails | 3 |  3.3
Fighting       | |  2.8
Dodging        | |  2.8
Stealth        | |  1.1

Action                   || total
-------------------------++-------
Melee: Mace              ||    16
       Flail             ||    38
 Stab: Sleeping          ||     1
Armor: Robe              ||    24
Dodge: Dodged            ||    45
